 Dungeon Crawl Stone Soup version 0.25.1-1-g288607f5aa (webtiles) character file.

Game seed: 12577905279600787999

1666 H0rd4k the Insei (level 9, -3/59 HPs)
             Began as an Octopode Transmuter on July 20, 2020.
             Was an Initiate of Gozag.
             Killed by divine providence
             ... invoked by an orc high priest
              (9 damage)
             ... in a bailey.
             The game lasted 00:14:36 (7743 turns).

H0rd4k the Insei (Octopode Transmuter)              Turns: 7743, Time: 00:14:36

Health: -3/59      AC:  2    Str:  9    XL:     9   Next: 1%
Magic:  16/16      EV: 22    Int: 19    God:    Gozag
Gold:   758        SH:  5    Dex: 19    Spells: 6/17 levels left

rFire    . . .     SeeInvis +     - Unarmed
rCold    . . .     Gourm    .   (shield currently unavailable)
rNeg     . . .     Faith    .   (helmet currently unavailable)
rPois    x         Spirit   .   h - amulet of reflection
rElec    .         Reflect  +   p - ring of see invisible
rCorr    .         Harm     .   (no ring)
MR       .....                  (no ring)
Stlth    +++.......             (no ring)
HPRegen  0.19/turn              (no ring)
MPRegen  0.15/turn              (no ring)
                                (no ring)
                                (no ring)

@: spider-form (expiring), gold aura, very slightly contaminated
A: tiny, almost no armour, stealthy swim, (amphibious), 8 rings, (constrict 8),
agile 1, robust 1
a: End Transformation, Potion Petition, Call Merchant, Bribe Branch, Renounce
Religion


You were in a bailey.
You worshipped Gozag.
Gozag was pleased with you.
You were not hungry.
You were a venomous arachnid creature.
You visited 1 branch of the dungeon, and saw 7 of its levels.
You also visited: Bailey.

You collected 1067 gold pieces.
You spent 270 gold pieces at shops.
You paid 39 gold pieces to Gozag.

Inventory:

Missiles
 a - 98 arrows
 b - 7 curare-tipped darts (quivered)
Jewellery
 h - an amulet of reflection (around neck)
 p - a ring of see invisible (left front leg)
Wands
 d - a wand of iceblast (6)
Scrolls
 e - 2 scrolls of immolation {unknown}
 g - 5 scrolls of amnesia
 i - a scroll of magic mapping {unknown}
 k - 2 scrolls of enchant weapon {unknown}
 l - a scroll of enchant armour {unknown}
 m - a scroll of teleportation
 n - a scroll of blinking
 o - a scroll of fog {unknown}
 q - 4 scrolls of random uselessness
 s - 3 scrolls of remove curse
 w - a scroll of silence
Potions
 f - a potion of mutation
 j - a potion of curing
 r - a potion of flight
 t - a potion of degeneration
 u - a potion of resistance
 v - a potion of magic
Comestibles
 c - 8 rations


   Skills:
 + Level 1.9 Fighting
 + Level 3.8 Dodging
 + Level 6.1 Stealth
 + Level 7.2 Unarmed Combat
 * Level 4.8 Spellcasting
 * Level 4.9 Transmutations
 + Level 0.6 Poison Magic


You had 6 spell levels left.
You knew the following spells:

 Your Spells              Type           Power        Failure   Level  Hunger
a - Beastly Appendage     Tmut           ###...       7%          1    None
b - Sticks to Snakes      Tmut           ###.....     10%         2    #......
c - Spider Form           Tmut/Pois      ###.......   28%         3    ##.....
d - Blade Hands           Tmut           ###.......   63%         5    ######.

Your spell library contained the following spells:

 Spells                   Type           Power        Failure   Level  Hunger
 Ice Form                 Ice/Tmut       ##......     63%         4    ####...


Dungeon Overview and Level Annotations

Branches:
Dungeon (7/15)             Temple (0/1) D:7          Bailey (1/1)

Altars:
Elyvilon
Fedhas
Gozag
Kikubaaqudgha
Makhleb
Nemelex Xobeh
Qazlal
Ru
Trog
Zin
The Shining One

Shops:
D:4 *

Annotations:
D:2 exclusion: downstairs
D:4 exclusion: downstairs
D:6 exclusions: centaur and ice beast Bailey exclusion: orc knight


Innate Abilities, Weirdness & Mutations

You cannot wear most types of armour.
You are very stealthy in the water. (Stealth+)
((You are amphibious.))
You can wear up to eight rings at the same time.
((You can use your tentacles to constrict eight enemies at once.))
((Your skin changes colour to match your surroundings (Stealth+).))
((Your rubbery body absorbs attacks. (AC +1, EV +1)))
((You have a pair of small antennae on your head.))
You are agile. (Dex +2)
You are robust. (+10% HP)


Message History

The orc high priest prays to Beogh.
The soul eater draws from the surrounding life force!
You hear a shout!
Unknown command.
Unknown command.
Blink to where?
Press: ? - help, Dir - move target cursor You are very lightly contaminated with residual magic.
As you read the scroll of blinking, it crumbles to dust.
A gnoll comes into view. It is wielding a +0 hand axe.
The gnoll shouts!
The sixfirhy disappears in a puff of smoke!
A goblin comes into view. It is wielding a +0 war axe.
You hear a shout! x2
The soul eater draws from the surrounding life force!
* * * LOW HITPOINT WARNING * * *
The orc high priest mumbles some strange prayers to Beogh against you.
Beogh smites you!
You die...
Your body crumbles into a pile of gold.

#≈≈≈≈≈######≈≈≈≈≈≈≈≈≈≈≈≈≈#
#≈≈≈≈≈# #..'.............+
#≈≈≈≈≈# #..#######'#######
#≈≈≈≈≈#.o.. .... .#
#≈≈≈≈≈#... .8.8. '
#≈≈≈≈≈######.....
#≈≈≈≈≈≈.#......#
######.≈≈≈≈≈.#..g...#
#......≈≈≈≈≈.#s'####
###......≈≈≈≈≈.#.....#
#..............'.....#
#∩..∩.......43.'go⌠..#
#.........)))gog.....#
###......≈≈≈≈≈.#.....#
#......≈≈≈≈≈3#'g#####
######.≈≈≈≈≈.#..$...#
#≈≈≈≈≈§.#......#


You could see a soul eater (summoned), an orc high priest, an orc warrior, a
gnoll, 2 hobgoblins and 2 goblins.

Vanquished Creatures
  An orc warrior (Bailey)
  A phantom (D:7)
  A centaur (D:5)
  2 ogres (D:4)
  A big kobold (D:7)
  A bullfrog (D:6)
  5 electric eels (Bailey)
  2 howler monkeys
  A bullfrog zombie (D:6)
  3 orc wizards (D:5)
  A bullfrog skeleton (D:4)
  An orc priest (D:3)
  4 hounds
  4 iguanas
  5 worker ants
  A hound skeleton (D:4)
  6 river rats (D:6)
  10 adders
  3 gnolls (D:7)
  A shadow imp (D:5)
  An adder skeleton (D:3)
  A worm (D:4)
  A dart slug (D:4)
  A leopard gecko (D:3)
  17 orcs
  8 bats
  6 giant cockroaches
  7 goblins
  11 hobgoblins
  6 jackals (D:3)
  9 kobolds
  A quokka (D:6)
  6 frilled lizards
  A quokka zombie (D:6)
  20 rats
150 creatures vanquished.

Notes
Turn   | Place    | Note
-------+----------+-------------------------------------------
     0 | D:1      | H0rd4k the Octopode Transmuter began the quest for the Orb.
     0 | D:1      | Reached XP level 1. HP: 13/13 MP: 3/3
   115 | D:1      | Reached XP level 2. HP: 18/18 MP: 5/5
   666 | D:1      | Reached XP level 3. HP: 23/23 MP: 6/6
  1156 | D:2      | Found an opulent altar of Gozag.
  1462 | D:2      | Became a worshipper of Gozag Ym Sagoz the Greedy
  1488 | D:3      | Found an opulent altar of Gozag.
  1488 | D:3      | Found a bloodstained altar of Trog.
  1489 | D:3      | Found a glowing golden altar of the Shining One.
  1497 | D:2      | Reached skill level 4 in Unarmed Combat
  1645 | D:4      | Found a sacrificial altar of Ru.
  1714 | D:4      | Reached skill level 1 in Stealth
  1714 | D:4      | Reached XP level 4. HP: 23/28 MP: 5/7
  1851 | D:4      | Found Fyn Bei's General Store.
  1858 | D:4      | Bought a scroll of teleportation for 36 gold pieces
  1858 | D:4      | Bought a scroll of blinking for 90 gold pieces
  1989 | D:4      | Learned a level 2 spell: Sticks to Snakes
  1993 | D:4      | Learned a level 3 spell: Spider Form
  1993 | D:4      | Found a glowing golden altar of the Shining One.
  2097 | D:4      | Reached XP level 5. HP: 13/33 MP: 6/8
  2384 | D:4      | Noticed an ogre
  2393 | D:4      | Killed an ogre
  2393 | D:4      | Reached XP level 6. HP: 18/38 MP: 5/10
  2565 | D:4      | Reached skill level 5 in Unarmed Combat
  3078 | D:5      | Entered Level 5 of the Dungeon
  3093 | D:5      | Reached XP level 7. HP: 20/43 MP: 11/11
  3323 | D:3      | Found a stormy altar of Qazlal.
  3437 | D:3      | Found an ancient bone altar of Kikubaaqudgha.
  3610 | D:3      | Found a sparkling altar of Nemelex Xobeh.
  3769 | D:3      | Gained mutation: You have a pair of small antennae on your
                  | head. [potion of mutation]
  3769 | D:3      | Gained mutation: You are agile. (Dex +2) [potion of
                  | mutation]
  3769 | D:3      | Gained mutation: You are robust. (+10% HP) [potion of
                  | mutation]
  3862 | D:3      | Found a white marble altar of Elyvilon.
  4283 | D:4      | Bought a wand of iceblast (8) for 144 gold pieces
  4303 | D:5      | Learned a level 5 spell: Blade Hands
  4677 | D:5      | Reached skill level 6 in Unarmed Combat
  4768 | D:5      | Found a blossoming altar of Fedhas.
  4768 | D:5      | Found a glowing silver altar of Zin.
  4952 | D:6      | Reached XP level 8. HP: 53/53 MP: 11/13
  5869 | D:6      | Reached skill level 5 in Stealth
  6295 | D:7      | Found a burning altar of Makhleb.
  6634 | D:7      | Found a staircase to the Ecumenical Temple.
  6784 | D:7      | Found a flagged portal.
  6813 | Bailey   | Entered a bailey
  6829 | Bailey   | Reached skill level 7 in Unarmed Combat
  7182 | Bailey   | Noticed an orc knight
  7616 | Bailey   | Noticed an orc knight
  7725 | Bailey   | Noticed an orc high priest
  7730 | Bailey   | Noticed a soul eater
  7730 | Bailey   | Noticed a sixfirhy
  7733 | Bailey   | Reached XP level 9. HP: 58/59 MP: 14/16
  7742 | Bailey   | Noticed a rust devil
  7742 | Bailey   | Noticed a soul eater
  7743 | Bailey   | Killed from afar by an orc high priest

Illustrated notes

Levels and vault maps discovered:
D:1:      nicolae_arrival_washed_ashore, layout_rooms
D:2:      layout_basic, nicolae_gozag_seed_capital
D:3:      layout_basic, grunt_temple_overflow_open, grunt_qazlal_clouds,
          nemelex_spade_bored_becter
D:4:      minmay_evil_eye, layout_loops_corners,
          nicolae_ru_sacrificial_ziggurat, serial_shops, shop,
          nicolae_tso_carved_into_rock
D:5:      layout_basic, gammafunk_temple_overflow_wave, first_ration
D:6:      layout_basic, dk_rats_in_the_wall
D:7:      layout_cave_pods, minmay_temple_entry_grid, enter_bailey_2,
          grunt_livestock, minivault_5, bloody_makhleb
Bailey:   bailey_axe_of_yendor_kennysheep, bailey

Skill      XL: |  1  2  3  4  5  6  7  8 |
---------------+-------------------------+-----
Unarmed Combat | 4 5 6 7 |  7.2
Stealth        | 1 2 3 4 6 |  6.1
Transmutations | 3 4 |  4.9
Spellcasting   | 3 4 |  4.8
Dodging        | 3 |  3.8
Fighting       | |  1.9
Poison Magic   | |  0.6

Action                   |  1- 3 |  4- 6 |  7- 9 || total
-------------------------+-------+-------+-------++-------
Melee: Unarmed           |    72 |    55 |   252 ||   379
       Constrict         |    23 |     8 |    63 ||    94
       Tentacles         |    10 |     7 |    46 ||    63
       Kick              |     5 |     7 |    56 ||    68
       Punch             |     1 |     1 |     6 ||     8
 Cast: Beastly Appendage |     3 |     8 |    31 ||    42
       Spider Form       |       |     2 |     1 ||     3
Evoke: Wand              |       |       |     2 ||     2
  Use: Scroll            |       |       |     8 ||     8
       Potion            |       |       |     5 ||     5
 Stab: Sleeping          |     7 |     4 |    12 ||    23
       Distracted        |       |       |     3 ||     3
  Eat: Chunk             |     2 |       |       ||     2
       Ration            |       |     2 |     4 ||     6
Armor: Skin              |     4 |       |     5 ||     9
Dodge: Dodged            |    52 |    27 |   116 ||   195
Block: Other             |       |    11 |    36 ||    47
